Map: Ruins of Endion

Players

Mix - Winner!

  • Race: Zerg Zerg
  • League: Grandmaster

Miszu

  • Race: Terran Terran
  • League: Master

VOD

Have the link to the VOD?

Description

Time

  • Played on: April 29, 2016, 12:59 p.m.
  • Length: 9:24
Show
View Real Time Build Order
Export as new Build Order

Mix Zerg - Winner!

Build Orders: Hatch First, Muta Ling Bane 

Get SALT Encoding   

  12  0:00  Drone  
  13  0:13  Overlord  
  13  0:18  Drone  
  14  0:31  Drone x2  
  16  0:35  Drone  
  17  0:52  Hatchery  
  17  0:55  Drone  
  17  0:58  Drone  
  18  1:10  Extractor  
  17  1:14  Spawning Pool  
  17  1:15  Drone  
  17  1:19  Drone  
  18  1:28  Drone  
  19  1:40  Overlord  
  19  2:00  Queen  
  21  2:01  Zergling x4  
  21  2:04  Queen  
  21  2:05  Drone  
  26  2:09  Metabolic Boost  
  26  2:11  Drone  
  26  2:14  Drone  
  28  2:26  Drone  
  29  2:33  Extractor  
  29  2:34  Drone x2  
  30  2:38  Drone  
  30  2:42  Queen  
  34  2:45  Overlord  
  34  2:48  Pneumatized Carapace  
  34  2:49  Drone  
  35  2:55  Drone  
  36  3:10  Drone x4  
  36  3:11  Drone  
  41  3:17  Drone  
  41  3:18  Overlord, Drone  
  43  3:21  Drone  
  44  3:30  Hatchery  
  44  3:32  Drone  
  44  3:35  Overlord  
  44  3:40  Drone  
  45  3:44  Drone  
  45  3:47  Drone  
  45  3:48  Drone x2  
  49  3:50  Lair  
  49  3:52  Extractor x2  
  49  3:53  Extractor, Drone  
  47  3:56  Overlord  
  47  3:58  Drone  
  47  4:00  Drone  
  49  4:05  Drone  
  49  4:06  Drone x2  
  52  4:11  Baneling Nest  
  52  4:12  Drone  
  52  4:15  Queen  
  54  4:24  Overlord, Drone  
  54  4:25  Zergling x6  
  54  4:30  Zergling x2  
  59  4:36  Zergling x2  
  60  4:43  Zergling x2  
  60  4:44  Zergling x10  
  66  4:46  Queen  
  66  4:49  Zergling x4  
  65  5:10  Drone x2  
  65  5:11  Spire, Drone x5  
  71  5:19  Spore Crawler  
  70  5:23  Overlord  
  70  5:24  Drone x2  
  70  5:25  Drone  
  74  5:28  Drone x2  
  74  5:33  Evolution Chamber  
  71  5:56  Centrifical Hooks  
  71  5:58  Zerg Melee Weapons Level 1  
  71  5:59  Evolution Chamber  
  71  6:00  Drone  
  71  6:01  Drone x6  
  77  6:07  Queen  
  79  6:25  Mutalisk x5  
  79  6:30  Overlord x2  
  86  6:46  Queen, Drone  
  89  6:49  Zerg Flyer Weapons Level 1, Mutalisk x4  
  89  6:52  Overlord  
  97  7:01  Overlord x3  
  97  7:04  Zerg Ground Armor Level 1  
  97  7:08  Mutalisk  
  99  7:21  Drone x10  
  109  7:25  Extractor, Baneling  
  109  7:26  Extractor, Baneling x3  
  109  7:27  Drone  
  109  7:28  Drone x3  
  111  7:32  Drone x4  
  115  7:57  Hatchery  
  114  8:00  Hatchery  
  113  8:08  Drone  
  113  8:12  Zergling x10  
  119  8:13  Zergling x18  
  119  8:15  Overlord  
  128  8:21  Baneling x7  
  128  8:33  Zergling x16  
  136  8:41  Infestation Pit  
  136  8:47  Zergling x8  
  139  8:48  Baneling  
  139  8:49  Baneling x15  
  139  8:52  Corruptor x2  
Show
View Real Time Build Order
Export as new Build Order

Miszu Terran 

Build Orders: Liberator Opening, Reaper Expand 

Get SALT Encoding   

  12  0:00  SCV  
  13  0:12  SCV  
  14  0:17  Supply Depot  
  14  0:24  SCV  
  15  0:39  SCV  
  15  0:40  Barracks  
  16  0:43  Refinery  
  16  0:51  SCV  
  17  1:03  SCV  
  18  1:15  SCV  
  19  1:27  Orbital Command  
  19  1:28  Reaper  
  20  1:40  Command Center  
  20  1:49  Supply Depot  
  20  1:53  SCV  
  21  2:00  Marine  
  22  2:05  SCV  
  23  2:11  Refinery  
  23  2:12  Factory  
  23  2:18  SCV  
  24  2:30  SCV  
  25  2:40  Barracks Reactor  
  25  2:42  SCV  
  26  2:52  Orbital Command  
  26  2:54  SCV  
  26  2:57  Starport  
  27  3:02  Factory Tech Lab  
  27  3:06  SCV  
  28  3:16  Marine  
  28  3:17  Marine, SCV  
  28  3:18  SCV  
  31  3:20  Bunker  
  31  3:22  Siege Tank  
  34  3:28  Liberator  
  34  3:29  SCV  
  34  3:30  SCV  
  36  3:41  SCV  
  36  3:42  SCV  
  41  3:53  SCV  
  41  3:54  SCV  
  45  4:02  Command Center  
  45  4:05  SCV  
  45  4:09  SCV  
  45  4:11  Supply Depot  
  45  4:15  Barracks  
  45  4:17  Barracks  
  45  4:19  Liberator  
  45  4:20  SCV  
  46  4:24  Supply Depot  
  46  4:25  Refinery  
  46  4:26  Refinery  
  46  4:33  Engineering Bay, SCV  
  46  4:34  Engineering Bay, SCV  
  51  4:39  Marine  
  51  4:40  Marine  
  51  4:45  SCV  
  54  4:47  SCV  
  55  4:57  SCV  
  55  4:59  SCV  
  57  5:00  Terran Infantry Weapons Level 1, Terran Infantry Armor Level 1  
  57  5:07  Marine x2  
  57  5:09  Siege Tank  
  57  5:14  SCV x2  
  64  5:15  Supply Depot  
  64  5:23  Orbital Command  
  64  5:25  Barracks Tech Lab x2  
  64  5:26  SCV  
  64  5:27  SCV  
  66  5:31  Marine  
  67  5:36  Marine  
  67  5:38  SCV  
  67  5:40  Starport Reactor  
  69  5:43  SCV  
  69  5:49  Marine  
  71  5:50  SCV  
  71  5:51  Marine, Factory Reactor  
  71  5:52  Orbital Command  
  70  5:57  Combat Shields  
  70  6:00  Missile Turret  
  70  6:03  Supply Depot  
  70  6:06  Supply Depot  
  70  6:08  SCV x2  
  70  6:10  Barracks x2  
  72  6:18  Marine  
  72  6:19  Marine  
  72  6:20  Medivac x2, SCV x2  
  72  6:21  SCV  
  72  6:22  Missile Turret  
  72  6:25  Missile Turret  
  81  6:26  Marine  
  81  6:27  Marine, Widow Mine x2  
  81  6:32  Supply Depot  
  87  6:33  SCV  
  87  6:34  Supply Depot  
  87  6:36  Marine  
  87  6:38  SCV  
  90  6:42  Marine  
  90  6:44  SCV  
  90  6:46  SCV  
  90  6:49  Armory  
  90  6:50  Medivac, SCV  
  93  6:56  Widow Mine  
  93  7:00  Barracks Reactor  
  93  7:01  Barracks Reactor, Widow Mine  
  95  7:02  SCV x2  
  95  7:03  SCV  
  100  7:14  SCV  
  100  7:15  Supply Depot, SCV x2  
  101  7:19  Marine  
  101  7:20  Supply Depot x2, Marine x2  
  105  7:24  Marine, Medivac x2  
  105  7:27  SCV x2  
  105  7:29  Refinery  
  112  7:31  Barracks  
  112  7:32  Barracks  
  112  7:33  Barracks  
  112  7:38  Supply Depot  
  112  7:46  Supply Depot  
  112  7:47  Supply Depot  
  110  7:53  Liberator  
  110  7:55  Liberator, Missile Turret  
  110  7:58  Widow Mine  
  110  7:59  Widow Mine  
  110  8:01  Missile Turret  
  110  8:02  Missile Turret  
  110  8:04  Marauder  
  116  8:06  SCV x3  
  125  8:18  SCV x2  
  125  8:32  Barracks Tech Lab  
  125  8:33  Barracks Tech Lab x2  
  125  8:39  Marine, Marauder  
  128  8:42  Command Center  
  128  8:44  Marine  
  132  9:00  Marauder  
  114  9:05  Marine  
  114  9:06  Marine x8  
Tags
 
Add a new tag
Caveats
  • Supply blocks, unpowered buildings, or Contaminate may cause inaccurate times.
  • Supply counts are checked every 10 seconds.